 Dungeon Crawl Stone Soup version 0.26-a0-259-g1effd001a9 (webtiles) character file.

Game seed: 16462528877549142805

95 HoaS the Chiller (level 4, -4/24 HPs)
             Began as a Gargoyle Ice Elementalist on July 18, 2020.
             Slain by an ogre
             ... wielding a +0 giant spiked club
              (28 damage)
             ... on level 4 of the Dungeon.
             The game lasted 00:15:16 (3824 turns).

HoaS the Chiller (Gargoyle Ice Elementalist)        Turns: 3824, Time: 00:15:16

Health: -4/24      AC:  6    Str: 12    XL:     4   Next: 66%
Magic:  7/8        EV: 11    Int: 16    God:
Gold:   184        SH:  0    Dex: 10    Spells: 7/8 levels left

rFire    . . .     SeeInvis .   j - +0 whip
rCold    . . .     Faith    .   (no shield)
rNeg     + . .     Spirit   .   b - +0 leather armour
rPois    ∞         Reflect  .   (no helmet)
rElec    +         Harm     .   (no cloak)
rCorr    .                      (no gloves)
MR       .....                  (no boots)
Stlth    ++........             (no amulet)
HPRegen  0.08/turn              (no ring)
MPRegen  0.11/turn              (no ring)

@: no status effects
A: negative energy resistance 1, electricity resistance, unbreathing,
petrification resistance, rot immunity, AC +3
a: no special abilities


You were on level 4 of the Dungeon.
You were not hungry.

You visited 1 branch of the dungeon, and saw 4 of its levels.

You collected 184 gold pieces.

Inventory:

Hand Weapons
 j - a +0 whip (weapon)
Armour
 a - a +0 robe
 b - a +0 leather armour (worn)
Scrolls
 i - 2 scrolls of teleportation
 l - 2 scrolls of identify
Potions
 e - a potion of ambrosia
 f - a potion of haste {unknown}
 g - a potion of curing {unknown}
 h - 2 potions of brilliance
 k - a potion of heal wounds {unknown}
Comestibles
 c - 7 rations


   Skills:
 - Level 1.5 Dodging
 - Level 2.1 Stealth
 + Level 2.9 Spellcasting
 * Level 5.3 Ice Magic


You had 7 spell levels left.
You knew the following spells:

 Your Spells              Type           Power        Failure   Level
a - Freeze                Ice            ###.         2%          1

Your spell library contained the following spells:

 Spells                   Type           Power        Failure   Level
 Frozen Ramparts          Ice            ###...       8%          3
 Ozocubu's Armour         Chrm/Ice       ##......     24%         3
 Hailstorm                Conj/Ice       ##......     61%         4
 Summon Ice Beast         Ice/Summ       ##......     61%         4


Dungeon Overview and Level Annotations

Branches:
Dungeon (4/15)
 Temple: D:4-7

Altars:
Dithmenos

Annotations:
D:1 exclusion: door
D:3 3 runed translucent doors, Zebulonius's ghost, amateur DEFE


Innate Abilities, Weirdness & Mutations

You are resistant to torment.
Your stone body is resilient. (AC +3)
You are immune to poison.
You resist negative energy. (rN+)
You are resistant to electric shocks. (rElec)
You can survive without breathing.
You are immune to petrification.
You are immune to rotting.


Message History

An ogre comes into view. It is wielding a +0 giant spiked club.
Items here: $ ( ) † a cursed -1 trident; 4 boomerangs; 15 gold pieces; an orc corpse That item cannot be evoked!
Okay, then.
You now have 184 gold pieces (gained 15).
Things that are here:
a cursed -1 trident; 4 boomerangs; an orc corpse The ogre shouts!
You hear a shout!
There is a stone staircase leading up here.
Casting: Freeze (safe; 2% risk of failure)
Confirm with . or Enter, or press ? or * to list all spells.
Aiming: Freeze (safe; 2% risk of failure)
Press: ? - help, Shift-Dir - straight line, f - ogre
Aim: an ogre, wielding a +0 giant spiked club You freeze the ogre.
The ogre is lightly wounded.
The ogre hits you with a +0 giant spiked club!!
Ouch! That really hurt!
You die...

#####..............#
##.#................#
##..#.......#...##.....
#......##...#...#....)..
#..........[.....#...#.
#................#..##
#.......##......## .#
###....).###......#.#.
........@O.)..........
.........#.....>...##
........###........#
#.......# #....#......
......... #....#......
#.....##.........$....
....##......##........
.).##.........###.#..#
#.. #......... .....


You could see an ogre.

Vanquished Creatures
  An adder (D:2)
  An ooze (D:1)
  4 worms (D:2)
  A dart slug (D:3)
  A leopard gecko (D:1)
  7 orcs
  2 giant cockroaches
  6 goblins
  7 hobgoblins
  8 jackals (D:1)
  2 ball pythons
  2 bats (D:2)
  2 frilled lizards (D:3)
  7 kobolds
  6 rats
57 creatures vanquished.

Notes
Turn   | Place    | Note
-------+----------+-------------------------------------------
     0 | D:1      | HoaS the Gargoyle Ice Elementalist began the quest for the
                  | Orb.
     0 | D:1      | Reached XP level 1. HP: 10/10 MP: 3/3
   263 | D:1      | Reached XP level 2. HP: 15/15 MP: 3/5
   853 | D:1      | Reached XP level 3. HP: 19/19 MP: 6/6
  1752 | D:2      | Found a faded altar of an unknown god.
  1826 | D:2      | Reached skill level 5 in Ice Magic
  1911 | D:2      | Reached XP level 4. HP: 12/24 MP: 1/8
  2738 | D:3      | Found a shadowy altar of Dithmenos.
  3409 | D:3      | Found a runed translucent gate.
  3409 | D:3      | Found a runed translucent gate.
  3409 | D:3      | Found a runed translucent gate.
  3410 | D:3      | Noticed Zebulonius's ghost (amateur DEFE)
  3410 | D:3      | Identified the +8 short sword "Urchott" {pain, rC+ Str+2}
  3806 | D:4      | Noticed an ogre
  3824 | D:4      | Slain by an ogre

Illustrated notes

Levels and vault maps discovered:
D:1:      roderic_chinese_lattice_arrival, layout_loops_corners
D:2:      layout_loops_cross, chequers_ecumenical_altar_simple_redux,
          first_ration, chequers_serial_rivers_micro_c,
          minmay_goblin_kobold_house
D:3:      layout_basic, gammafunk_ghost_nasty_kobolds,
          nicolae_dithmenos_through_a_glass_darkly
D:4:      layout_cave_pools, minmay_temple_entry_wispy, grunt_ministairs_10

Skill      XL: |  1  2  3 |
---------------+----------+-----
Ice Magic      | 5 |  5.3
Dodging        | |  1.5
Stealth        | |  2.1
Spellcasting   | |  2.9

Action                   |  1- 3 |  4- 6 || total
-------------------------+-------+-------++-------
Melee: Club              |    61 |    14 ||    75
       Whip              |       |    27 ||    27
 Cast: Freeze            |    51 |    26 ||    77
  Use: Scroll            |     4 |     4 ||     8
 Stab: Sleeping          |     1 |     1 ||     2
  Eat: Ration            |     1 |     2 ||     3
Armor: Robe              |    29 |    15 ||    44
       Leather armour    |       |     6 ||     6
Dodge: Dodged            |    79 |    35 ||   114

Table legend:
 A = Non-vault XP
 B = Vault XP
 C = Vault XP percentage of total XP
 D = Non-vault monster count
 E = Vault monster count
 F = Vault count percentage of total count
                 A         B        C        D         E       F
            +---------+---------+-------+---------+---------+-------
      Total |     133 |       4 |   2.9 |      55 |       2 |   3.5
            +---------+---------+-------+---------+---------+-------
        D:1 |      44 |       0 |   0.0 |      21 |       0 |   0.0
        D:2 |      44 |       4 |   8.3 |      13 |       2 |  13.3
        D:3 |      37 |       0 |   0.0 |      18 |       0 |   0.0
        D:4 |       8 |       0 |   0.0 |       3 |       0 |   0.0
            +---------+---------+-------+---------+---------+-------
